 Dungeon Crawl Stone Soup version 0.26.0-10-g1f06aea511 (webtiles) character file.

Game seed: 4550585071841629998

2084 Dracia the Twirler (level 9, -2/68 HPs)
             Began as a Demonspawn Gladiator on Jan 22, 2021.
             Slain by a troll (8 damage)
             ... on level 6 of the Dungeon.
             The game lasted 00:14:02 (9151 turns).

Dracia the Twirler (Demonspawn Gladiator)           Turns: 9151, Time: 00:14:03

Health: -2/68      AC:  5    Str: 15    XL:     9   Next: 6%
Magic:  0/18       EV: 14    Int: 13    God:
Gold:   407        SH:  5    Dex: 16    Spells: 3/8 levels left

rFire    . . .     SeeInvis .   a - +0 quarterstaff
rCold    + . .     Faith    .   (shield currently unavailable)
rNeg     . . .     Spirit   +   f - +2 robe {rC+}
rPois    .         Reflect  +   c - +0 helmet
rElec    .         Harm     .   (no cloak)
rCorr    .         Rampage  .   (no gloves)
Will     .....                  (no boots)
Stlth    +.........             s - amulet of reflection
HPRegen  0.21/turn              W - ring of magical power
MPRegen  0.16/turn              Z - ring of wizardry

@: about to teleport
A: talons 2, magic shield, big brain 1
a: no special abilities


You were on level 6 of the Dungeon.
You visited 2 branches of the dungeon, and saw 8 of its levels.

You collected 407 gold pieces.


Innate Abilities, Weirdness & Mutations

You have razor-sharp toenails.
When hurt, damage is shared between your health and your magic reserves.
You have an unusually large brain. (Int +2)


   Skills:
 - Level 5.0 Fighting
 * Level 6.9 Staves
 - Level 1.7 Throwing
 - Level 2.8 Armour
 - Level 4.1 Dodging
 + Level 6.8 Summonings


You had 3 spell levels left.
You knew the following spells:

 Your Spells              Type           Power        Failure   Level
c - Call Imp              Summ           17%          1%          2
f - Call Canine Familiar  Summ           17%          2%          3

Your spell library contained the following spells:

 Spells                   Type           Power        Failure   Level
 Summon Small Mammal      Summ           68%          1%          1
 Summon Guardian Golem    Hex/Summ       8%           10%         3
 Summon Ice Beast         Ice/Summ       8%           30%         4
 Summon Lightning Spire   Summ/Air       8%           30%         4

Inventory:

Hand Weapons
 a - a +0 quarterstaff (weapon)
Missiles
 q - 5 javelins (quivered)
Armour
 b - a +0 leather armour
 c - a +0 helmet (worn)
 f - a +2 robe of cold resistance (worn)
Jewellery
 s - an amulet of reflection (around neck)
 L - an uncursed ring of flight
 W - a ring of magical power (left hand)
 Z - a ring of wizardry (right hand)
Wands
 o - a wand of iceblast (4)
Scrolls
 i - 2 scrolls of teleportation {@r4@r4}
 k - a scroll of magic mapping
 m - 6 scrolls of identify {@r1@r1}
 r - 3 scrolls of remove curse {@r2@r2}
Potions
 d - a potion of berserk rage {unknown}
 e - 2 potions of cancellation
 g - 4 potions of degeneration
 h - a potion of mutation {unknown}
 j - a potion of flight {unknown}
 l - a potion of brilliance {unknown}
 n - a potion of curing {@q1@q1}
 t - a potion of ambrosia {unknown}

Dungeon Overview and Level Annotations

Branches:
Dungeon (7/15)             Temple (1/1) D:4

Altars:
Ashenzari
Cheibriados
Dithmenos
Elyvilon
Fedhas
Gozag
Hepliaklqana
Makhleb
Nemelex Xobeh
Okawaru
Qazlal
Ru
Trog
Wu Jian
Xom
Yredelemnul
Zin
The Shining One

Annotations:
D:6 2 runed translucent doors, Dracia's ghost, novice DsFi

#.#####.#### #.# ..#
#.# #.# #.# #.# #.###
#.#####.#### #...#
#.##.......####...###
#<##[......##.......#
#.##.......##>....).#
..##.......##.......#
####.......####.@.###
#.......##...T...#
#.......#.###.##.#
#########.# #.##.#
#.###.##.#
#########...hh..#
#.....# ##.######
#####.###<# #.#
......###.####.#


You could see a troll, a howler monkey and a friendly hound (summoned).


Message History

The troll misses you. x2; The troll claws you!
The howler monkey closely misses you.
You barely miss the howler monkey. Your kick misses the howler monkey.
The howler monkey is moderately wounded.
You block the troll's attack. The troll misses you.
The troll closely misses you. The howler monkey barely misses you.
Casting: Call Imp (safe; 1% risk of failure)
Confirm with . or Enter, or press ? or * to list all spells.
The howler monkey hits you.
* * * LOW HITPOINT WARNING * * *
You block the troll's attack. The troll claws you!
* * * LOW HITPOINT WARNING * * *
The troll claws you!
* * * LOW HITPOINT WARNING * * *
The howler monkey misses you. x2
The howler monkey hoots and howls with incredible vigour!
Your hound closely misses the howler monkey.
Your hound bites the howler monkey.
The howler monkey barely misses your hound.
Your hound barely misses the howler monkey.
The howler monkey closely misses your hound.
Your hound closely misses the howler monkey.
Okay, then.
As you read the scroll of teleportation {@r4@r4}, it crumbles to dust.
You feel strangely unstable. The howler monkey hits your hound.
Your hound barely misses the howler monkey.
The troll closely misses you. The troll claws you!
* * * LOW HITPOINT WARNING * * *
The troll claws you!
You die...

Skill      XL: |  1  2  3  4  5  6  7  8 |
---------------+-------------------------+-----
Staves         | 3 4 5 6 |  6.9
Fighting       | 4 5 |  5.0
Dodging        | 3 4 |  4.1
Armour         | 1 2 |  2.8
Summonings     | 4 6 |  6.8
Throwing       | |  1.7

Action                   |  1- 3 |  4- 6 |  7- 9 || total
-------------------------+-------+-------+-------++-------
Melee: Quarterstaff      |    84 |   156 |   197 ||   437
       Kick              |    11 |    41 |    71 ||   123
Throw: Throwing net      |       |     2 |     3 ||     5
       Javelin           |       |       |     5 ||     5
 Cast: Call Canine Famil |       |       |     7 ||     7
       Call Imp          |       |       |     6 ||     6
  Use: Scroll            |     2 |     5 |     3 ||    10
       Potion            |       |     3 |     2 ||     5
 Stab: Sleeping          |     2 |     2 |     2 ||     6
       Held in net/web   |       |       |     5 ||     5
Armor: Leather armour    |    23 |    48 |    12 ||    83
       Robe              |       |       |    20 ||    20
Dodge: Dodged            |    44 |   176 |   157 ||   377
Block: Other             |       |       |    36 ||    36

Levels and vault maps discovered:
D:1:      amcnicky_arrival_double_pillar, layout_basic
D:2:      layout_rooms, grunt_temple_overflow_octagram, uniq_jessica
D:3:      layout_basic, chequers_serial_rivers_small_3,
          minmay_large_rounded_square, nemelex_xobeh_ov_fountains_minmay
D:4:      layout_basic, lemuel_coloured_pillars_altar,
          minmay_temple_entry_ruins, kennysheep_generic_room_6
D:5:      layout_cave_pods, basic_altar, uniq_grinder
D:6:      layout_loops_cross, kennysheep_little_box,
          ebering_ghost_disaster_area, uniq_edmund, uniq_sigmund
D:7:      layout_basic, dancing_weapons_uskayaw, minmay_misc_feat_cross,
          uniq_crazy_yiuf_cottage
Temple:   jpeg_temple_island

Notes
Turn   | Place    | Note
-------+----------+-------------------------------------------
     0 | D:1      | Dracia the Demonspawn Gladiator began the quest for the
                  | Orb.
     0 | D:1      | Reached XP level 1. HP: 16/16 MP: 1/1
    88 | D:1      | Reached skill level 3 in Staves
   209 | D:1      | Gained mutation: You have sharp toenails. [demonic
                  | ancestry]
   209 | D:1      | Reached XP level 2. HP: 22/22 MP: 2/2
   716 | D:2      | Gained mutation: You have razor-sharp toenails. [demonic
                  | ancestry]
   716 | D:2      | Reached XP level 3. HP: 13/27 MP: 3/3
  1019 | D:2      | Reached skill level 4 in Staves
  1274 | D:2      | Noticed Jessica
  1301 | D:2      | Killed Jessica
  1302 | D:2      | Reached XP level 4. HP: 11/33 MP: 4/4
  1889 | D:2      | Found a hazy altar of Hepliaklqana.
  1902 | D:2      | Found a white marble altar of Elyvilon.
  1906 | D:2      | Found a bloodstained altar of Trog.
  1913 | D:2      | Found a shadowy altar of Dithmenos.
  1921 | D:2      | Found a glowing silver altar of Zin.
  1927 | D:2      | Found a sparkling altar of Nemelex Xobeh.
  1931 | D:2      | Found an opulent altar of Gozag.
  2085 | D:3      | Reached skill level 5 in Staves
  2086 | D:3      | HP: 3/33 [poisoned by an adder]
  2490 | D:3      | Found a sparkling altar of Nemelex Xobeh.
  2669 | D:3      | Gained mutation: When hurt, damage is shared between your
                  | health and your magic reserves. [demonic ancestry]
  2669 | D:3      | Reached XP level 5. HP: 33/39 MP: 5/5
  2843 | D:4      | Noticed an ogre
  2851 | D:4      | Killed an ogre
  2852 | D:4      | Reached skill level 3 in Fighting
  2854 | D:4      | Reached skill level 4 in Fighting
  3104 | D:4      | Reached XP level 6. HP: 46/49 MP: 6/6
  3126 | D:4      | Found a staircase to the Ecumenical Temple.
  3853 | D:4      | Found a glowing golden altar of the Shining One.
  3908 | D:5      | Entered Level 5 of the Dungeon
  3908 | D:5      | Noticed Grinder
  4308 | D:5      | HP: 3/50 [gnoll/+0 spear (4)]
  4313 | D:5      | Reached skill level 5 in Fighting
  4626 | D:5      | Noticed an orc warrior
  4643 | D:5      | HP: 4/51 [orc priest/+0 flail (4)]
  4657 | D:5      | Reached skill level 3 in Dodging
  4659 | D:5      | Reached skill level 1 in Armour
  5034 | D:5      | Gained mutation: You have an unusually large brain. (Int
                  | +2) [demonic ancestry]
  5034 | D:5      | Reached XP level 7. HP: 37/56 MP: 5/7
  5330 | D:5      | Found an iron altar of Okawaru.
  5340 | D:5      | Reached skill level 2 in Armour
  5566 | D:5      | Reached skill level 4 in Dodging
  5828 | D:4      | Learned a level 2 spell: Call Imp
  5961 | D:5      | Paralysed by Grinder for 4 turns
  5977 | D:5      | Killed Grinder
  5978 | D:5      | Reached skill level 3 in Summonings
  6161 | D:5      | Learned a level 3 spell: Call Canine Familiar
  6389 | Temple   | Entered the Ecumenical Temple
  6776 | D:6      | Noticed Sigmund
  6786 | D:6      | Killed Sigmund
  6787 | D:6      | Reached skill level 4 in Summonings
  6787 | D:6      | Reached XP level 8. HP: 38/62 MP: 4/8
  6995 | D:6      | Found a large runed translucent door.
  6995 | D:6      | Found a large runed translucent door.
  6999 | D:6      | Noticed Dracia's ghost (novice DsFi)
  7048 | D:6      | Reached skill level 5 in Summonings
  7442 | D:6      | HP: 4/62 [killer bee (4)]
  7450 | D:6      | HP: 5/62 [killer bee (4)]
  7450 | D:6      | HP: 2/62 [killer bee (3)]
  7541 | D:6      | Reached skill level 6 in Summonings
  7833 | D:6      | Found a burning altar of Makhleb.
  7884 | D:6      | Noticed Edmund
  7906 | D:6      | Killed Edmund
  7907 | D:6      | Reached skill level 6 in Staves
  8721 | D:7      | Reached XP level 9. HP: 63/68 MP: 9/9
  8824 | D:7      | Noticed a troll
  9151 | D:6      | HP: 6/68 [troll (11)]
  9151 | D:6      | Slain by a troll

Vanquished Creatures
  Grinder (D:5)
  Sigmund (D:6)
  Edmund (D:6)
  An orc warrior (D:5)
  A necrophage (D:6)
  2 ogres
  A centaur (D:7)
  2 bullfrogs
  2 scorpions (D:6)
  3 killer bees (D:6)
  6 wights (D:6)
  A howler monkey (D:7)
  A hound (D:4)
  A centaur skeleton (D:5)
  2 orc priests (D:5)
  2 orc wizards
  Jessica (D:2)
  2 worker ants
  2 hound skeletons
  4 gnolls (D:5)
  A howler monkey skeleton (D:5)
  8 adders
  3 white imps
  An ufetubus (D:5)
  An ooze (D:6)
  An adder zombie (D:6)
  An adder skeleton (D:5)
  2 worms
  4 leopard geckos
  13 orcs
  5 ball pythons
  7 bats
  5 giant cockroaches
  12 hobgoblins
  7 jackals
  7 frilled lizards
  3 goblins (D:1)
  A jackal skeleton (D:6)
  5 kobolds
  A quokka skeleton (D:5)
  6 rats
131 creatures vanquished.

Vanquished Creatures (collateral kills)
  A killer bee (D:6)
  A wight (D:6)
2 creatures vanquished.

Grand Total: 133 creatures vanquished

Table legend: (Time is in decaauts)
 A = Elapsed time spent in this place.
 B = Non-inter-level travel time spent in this place.
 C = Inter-level travel time spent in this place.
 D = Time resting spent in this place.
 E = Time spent auto-exploring this place.
 F = Levels seen in this place.
 G = Mean time per level.
                   A        B        C        D        E       F      G
               +--------+--------+--------+--------+--------+-----+--------+
         Total |   9236 |   8867 |    369 |   2876 |   4706 |   8 | 1154.5 |
       Dungeon |   8978 |   8616 |    362 |   2876 |   4454 |   7 | 1282.6 |
        Temple |    258 |    252 |      6 |      0 |    252 |   1 |  258.0 |
               +--------+--------+--------+--------+--------+-----+--------+

Top non-repeatable levels by time:
     D:5: 2306 daAuts
     D:6: 2070 daAuts
     D:4: 1543 daAuts
     D:2: 1131 daAuts
     D:1: 986 daAuts
     D:3: 741 daAuts
  Temple: 258 daAuts
     D:7: 198 daAuts

Table legend:
 A = Non-vault XP
 B = Vault XP
 C = Vault XP percentage of total XP
 D = Non-vault monster count
 E = Vault monster count
 F = Vault count percentage of total count
                 A         B        C        D         E       F
            +---------+---------+-------+---------+---------+-------
      Total |    2247 |     731 |  24.5 |     128 |       5 |   3.8
            +---------+---------+-------+---------+---------+-------
        D:1 |      30 |       0 |   0.0 |      18 |       0 |   0.0
        D:2 |      69 |      37 |  34.9 |      26 |       1 |   3.7
        D:3 |      64 |       0 |   0.0 |      14 |       0 |   0.0
        D:4 |     207 |      32 |  13.4 |       8 |       1 |  11.1
        D:5 |     629 |     267 |  29.8 |      32 |       1 |   3.0
        D:6 |     990 |     395 |  28.5 |      25 |       2 |   7.4
        D:7 |     258 |       0 |   0.0 |       5 |       0 |   0.0
            +---------+---------+-------+---------+---------+-------
